[Event "*** Titled Tuesday Blitz"]
[Site "Chess.com"]
[Date "2020.03.03"]
[Round "8"]
[White "RemcoSpr"]
[Black "PNEPaul"]
[Result "1-0"]
[WhiteElo "2245"]
[BlackElo "1928"]
[TimeControl "180+1"]
[EndTime "14:32:31 PST"]
[Termination "RemcoSpr won by resignation"]

1. e4 e5 2. Nf3 Nc6 3. d4 exd4 4.
Nxd4 Be7 5. Nf5 Bf6 6. Nc3 d6 7.
Ne3 Nge7 8. Ncd5 Nxd5 9. Nxd5 Be6 10. c3 Bxd5 11. exd5 Ne7 12. Bc4 O-O 13. O-O Ng6 14.
a4 Ne5 15. Be2 c6 16. f4 Ng6 17. g3 Qb6+ 18. Kg2 Rfe8 19. Bf3 Rad8 20. a5 Qc5 21. a6 bxa6 22. dxc6 d5 23. Rxa6 Re6 24. Qd3 Rxc6 25. Be3 Qd6 26. Rxa7 Ra6 27. Rxa6 Qxa6 28. Qxa6 1-0

[Event "*** Titled Tuesday Blitz"]
[Site "Chess.com"]
[Date "2020.03.03"]
[Round "8"]
[White "valeriocarnicelli"]
[Black "Rubinstein_Akiba"]
[Result "0-1"]
[WhiteElo "2511"]
[BlackElo "2424"]
[TimeControl "180+1"]
[EndTime "14:32:34 PST"]
[Termination "Rubinstein_Akiba won by checkmate"]

1. e4 c5 2. Nf3 d6 3. d4 cxd4 4.
Nxd4 Nf6 5. Nc3 a6 6. Bg5 e6 7.
f4 Nbd7 8. Qd2 Qc7 9. O-O-O b5 10. Kb1 Bb7 11. e5 dxe5 12. Ndxb5 axb5 13. Bxb5 Bc6 14. Bxf6 gxf6 15. Bxc6 Qxc6 16. Ne4 Be7 17. fxe5 Nxe5 18. Rhe1 Qa4 19. Nc3 Qc6 20. Ne4 Qa6 21. Nc3 Bb4 22.
a3 Bxa3 23. Nd5 exd5 24. Qxd5 Be7 25. Kc1 Rd8 26. Rxe5 fxe5 27. Qxe5 Qa1# 0-1

[Event "*** Titled Tuesday Blitz"]
[Site "Chess.com"]
[Date "2020.03.03"]
[Round "8"]
[White "mrkvoz"]
[Black "JonahWillow"]
[Result "0-1"]
[WhiteElo "2786"]
[BlackElo "2644"]
[TimeControl "180+1"]
[EndTime "14:32:52 PST"]
[Termination "JonahWillow won by resignation"]

1. e4 c5 2. Nc3 Nc6 3. Nf3 g6 4. Bb5 Bg7 5. O-O Nf6 6. e5 Ng4 7. Bxc6 dxc6 8. Re1 O-O 9. d3 Nh6 10. h3 Nf5 11. Ne4 b6 12. Bf4 Nd4 13. Nxd4 cxd4 14.
Qd2 c5 15. Bh6 Bb7 16. Bxg7 Kxg7 17. Ng3 Qd5 18. Re4 f5 19. exf6+ exf6 20. Rae1 Rae8 21. f3 Rxe4 22. Rxe4 Qd6 23. Rg4 Bc8 24. Ne4 Qe7 25. Rh4 Kg8 26. Qh6 Qg7 27. Qxg7+ Kxg7 28. Nd2 Bb7 29.
f4 Re8 30. Kf2 Bxg2 31. b4 Bd5 32. a3 h5 33. bxc5 bxc5 34. f5 g5 35. Re4 Bxe4 36.
Nxe4 Re5 37. Nd6 Rd5 38. Nc8 Rxf5+ 39. Kg3 a6 0-1

[Event "*** Titled Tuesday Blitz"]
[Site "Chess.com"]
[Date "2020.03.03"]
[Round "8"]
[White "GMsKoRPioN"]
[Black "Mbneu"]
[Result "1-0"]
[WhiteElo "2464"]
[BlackElo "2208"]
[TimeControl "180+1"]
[EndTime "14:32:56 PST"]
[Termination "GMsKoRPioN won by resignation"]

1. d4 Nf6 2. c4 c5 3. d5 e6 4. Nc3 exd5 5. cxd5 d6 6. e4 g6 7. f4 Bg7 8. Bb5+ Nfd7 9. a4 Qh4+ 10. g3 Qe7 11.
Nf3 O-O 12. O-O Nf6 13. e5 Nh5 14. exd6 Qxd6 15. Ne4 Qe7 16. Re1 Qd8 17. Nf2 Na6 18. d6 Bd7 19. Bxd7 Qxd7 20. Re7 Qd8 21. Ne5 Rb8 22.
Nd7 Bd4 23. Nxf8 Qxf8 24. Kg2 Rd8 25. Ne4 f5 26. Qb3+ Kh8 27. Ng5 Nf6 28. Qe6 Rxd6 29. Qxd6 1-0

[Event "*** Titled Tuesday Blitz"]
[Site "Chess.com"]
[Date "2020.03.03"]
[Round "8"]
[White "Sunnika"]
[Black "arjwezhrtdrz"]
[Result "1-0"]
[WhiteElo "2402"]
[BlackElo "2149"]
[TimeControl "180+1"]
[EndTime "14:33:01 PST"]
[Termination "Sunnika won on time"]

1. d4 d6 2. c4 e5 3. Nf3 Nd7 4. Nc3 c6 5. g3 Ngf6 6. Bg2 Be7 7. O-O O-O 8. Qc2 Qc7 9. Rd1 a5 10. b3 exd4 11. Nxd4 Nc5 12. e4 Re8 13. h3 Bd7 14. Be3 Rad8 15. f4 Bf8 16. Bf2 Bc8 17. Re1 g6 18. a3 Bg7 19. Rad1 Nfd7 20. b4 axb4 21. axb4 Na6 22. b5 Nac5 23. bxc6 bxc6 24. e5 dxe5 25. Nxc6 exf4 26. Nd5 Qxc6 27. Ne7+ Rxe7 28. Bxc6 Rxe1+ 29. Rxe1 fxg3 30. Bxg3 Nf6 31. Bd5 Nxd5 32. cxd5 Nd7 33. Qc7 1-0

[Event "*** Titled Tuesday Blitz"]
[Site "Chess.com"]
[Date "2020.03.03"]
[Round "8"]
[White "TigrVShlyape"]
[Black "bascheyaro"]
[Result "0-1"]
[WhiteElo "2886"]
[BlackElo "2766"]
[TimeControl "180+1"]
[EndTime "14:33:04 PST"]
[Termination "bascheyaro won by resignation"]

1. d4 d5 2. Nf3 Nf6 3. Bf4 Bf5 4. e3 e6 5. c4 Bxb1 6. Qa4+ Nc6 7. Rxb1 Bb4+ 8.
Ke2 Bd6 9. g3 O-O 10. Bg2 Qd7 11. Qc2 Nb4 12. Qb3 a5 13. Bxd6 dxc4 14. Qxc4 cxd6 15. Rhc1 Rfc8 16. Qb3 Qb5+ 17. Kd1 Ne4 18. a3 Nxf2+ 19. Kd2 Ne4+ 20. Kd1 a4 0-1

[Event "*** Titled Tuesday Blitz"]
[Site "Chess.com"]
[Date "2020.03.03"]
[Round "8"]
[White "Pechen_Yeltsina"]
[Black "Enriquack"]
[Result "1-0"]
[WhiteElo "2695"]
[BlackElo "2350"]
[TimeControl "180+1"]
[EndTime "14:33:04 PST"]
[Termination "Pechen_Yeltsina won on time"]

1. e4 c5 2. Nf3 e6 3. g3 Nc6 4.
d3 b6 5. Bg2 Bb7 6. O-O Qc7 7.
Re1 Nge7 8. Nc3 a6 9. h4 h5 10. Bf4 d6 11. e5 d5 12. Qd2 O-O-O 13. Ng5 Nf5 14. Bh3 g6 15. Ne2 Bh6 16. Bxf5 gxf5 17. Nxe6 fxe6 18. Bxh6 Nxe5 19. Kf1 Ng4 20. Bf4 e5 21. Bg5 d4 22. Ng1 Rde8 23. f3 e4 24. Bf4 e3 25. Qe2 Qg7 26. fxg4 hxg4 27. c3 1-0

[Event "*** Titled Tuesday Blitz"]
[Site "Chess.com"]
[Date "2020.03.03"]
[Round "8"]
[White "NikolaGry"]
[Black "denizozen"]
[Result "1-0"]
[WhiteElo "2672"]
[BlackElo "2830"]
[TimeControl "180+1"]
[EndTime "14:33:11 PST"]
[Termination "NikolaGry won on time"]

1. b3 Nf6 2. Bb2 d5 3. e3 c5 4.
Nf3 Nc6 5. Bb5 Bd7 6. O-O e6 7.
d3 Bd6 8. Bxc6 Bxc6 9. Ne5 Qc7 10. f4 Nd7 11. Nxd7 Qxd7 12. Bxg7 Rg8 13. Be5 d4 14. e4 Bxe5 15. fxe5 Rg5 16. Nd2 Rxe5 17. Qg4 Qe7 18. Nf3 Rg5 19. Nxg5 O-O-O 20. Rxf7 1-0

[Event "*** Titled Tuesday Blitz"]
[Site "Chess.com"]
[Date "2020.03.03"]
[Round "8"]
[White "SCIM"]
[Black "NoGalloNoParty"]
[Result "1-0"]
[WhiteElo "2465"]
[BlackElo "2288"]
[TimeControl "180+1"]
[EndTime "14:33:12 PST"]
[Termination "SCIM won by resignation"]

1. d4 Nf6 2. c4 g6 3. g3 c6 4. Nf3 d5 5. Bg2 Bg7 6. O-O O-O 7. cxd5 cxd5 8. Ne5 Ng4 9. Nf3 Nf6 10.
Nc3 Ne4 11. Qb3 Nc6 12. Rd1 Nxc3 13. bxc3 Na5 14. Qb4 b6 15. Ne5 Bb7 16. Ba3 e6 17. c4 Rc8 18. Qb5 Re8 19. Rac1 dxc4 20. Bxb7 Nxb7 21. Nxc4 Qd5 22. Qxd5 exd5 23. Ne3 Rxc1 24.
Rxc1 Bxd4 25. Nxd5 Rxe2 26. Rc8+ 1-0

[Event "*** Titled Tuesday Blitz"]
[Site "Chess.com"]
[Date "2020.03.03"]
[Round "8"]
[White "kleopl"]
[Black "RitvarsReimanis"]
[Result "1-0"]
[WhiteElo "2492"]
[BlackElo "2603"]
[TimeControl "180+1"]
[EndTime "14:33:14 PST"]
[Termination "kleopl won by checkmate"]

1. c4 e6 2. Nc3 d5 3. d4 Nf6 4. cxd5 exd5 5. Bg5 c6 6. e3 Be7 7. Bd3 Nbd7 8. Nf3 Nf8 9. O-O Ng6 10. Bxf6 Bxf6 11. b4 a6 12. a4 O-O 13. b5 c5 14.
bxa6 bxa6 15. Rb1 c4 16. Bc2 a5 17. Nd2 Be7 18. Nxd5 Qxd5 19. Be4 Qd8 20. Bxa8 c3 21.
Ne4 Ba6 22. Bc6 Bxf1 23. Qxf1 Qc7 24. Qc4 Rc8 25. d5 Ne5 26. Qxc3 Nxc6 27. Rc1 f5 28. Ng3 f4 29. Nf5 fxe3 30. Qxg7# 1-0

[Event "*** Titled Tuesday Blitz"]
[Site "Chess.com"]
[Date "2020.03.03"]
[Round "8"]
[White "ama18"]
[Black "ckgchess"]
[Result "1-0"]
[WhiteElo "2543"]
[BlackElo "2675"]
[TimeControl "180+1"]
[EndTime "14:33:18 PST"]
[Termination "ama18 won by resignation"]

1. e4 e6 2. d4 d5 3. Nc3 dxe4 4. Nxe4 Nd7 5. Nf3 Ngf6 6. Nxf6+ Nxf6 7. Bg5 c5 8. dxc5 Qxd1+ 9. Rxd1 Bxc5 10. Ne5 O-O 11. Bd3 Nd5 12. Bc1 Nb4 13. O-O Nxd3 14. Nxd3 Be7 15. Bf4 Bd7 16. c4 f6 17. Nc5 Bc8 18.
Bd6 Bxd6 19. Rxd6 e5 20. Rfd1 b6 21. Nd7 Re8 22. f3 Ba6 23. c5 Bb5 24. cxb6 axb6 25. a3 Rab8 26. Nxb8 Rxb8 1-0

[Event "*** Titled Tuesday Blitz"]
[Site "Chess.com"]
[Date "2020.03.03"]
[Round "8"]
[White "Kobalia"]
[Black "elohunter1999"]
[Result "1-0"]
[WhiteElo "2625"]
[BlackElo "2452"]
[TimeControl "180+1"]
[EndTime "14:33:19 PST"]
[Termination "Kobalia won by resignation"]

1. Nf3 d5 2. d4 Nf6 3. Bf4 c5 4. e3 Nc6 5. Nbd2 Qb6 6. dxc5 Qxb2 7. Rb1 Qc3 8. Bb5 e6 9. O-O Be7 10. Nb3 O-O 11. Bxc6 bxc6 12. Qd4 Ne4 13. Be5 Qxd4 14. exd4 a5 15. a4 Nc3 16. Ra1 Ba6 17. Rfe1 Bd8 18. Bd6 Re8 19. Ne5 Rc8 20. f3 f6 21. Nd7 Bc7 22.
Kf2 Bxd6 23. cxd6 Rcd8 24. Ndc5 Be2 25. d7 Re7 26. Nxa5 e5 27. Nxc6 Rexd7 28. Ra3 exd4 29. Nxd7 Rxd7 30. Nxd4 Rc7 31. Rxc3 1-0

[Event "*** Titled Tuesday Blitz"]
[Site "Chess.com"]
[Date "2020.03.03"]
[Round "8"]
[White "ural58"]
[Black "IngOscarArdila"]
[Result "1-0"]
[WhiteElo "2406"]
[BlackElo "2170"]
[TimeControl "180+1"]
[EndTime "14:33:19 PST"]
[Termination "ural58 won by resignation"]

1. e4 e5 2. f4 d5 3. exd5 e4 4. d3 Nf6 5. Qe2 Qxd5 6. Nc3 Bb4 7. Bd2 Bxc3 8. Bxc3 Nbd7 9. dxe4 Qxe4 10. Qxe4+ Nxe4 11. Bxg7 Rg8 12. Be5 c6 13. Nf3 f6 14. Bd4 Ke7 15. O-O-O c5 16. Re1 f5 17. Be5 Nxe5 18. Nxe5 Be6 19.
g3 Rad8 20. Bg2 Rd4 21. Bxe4 fxe4 22. c3 Ra4 23. a3 Kf6 24. Re3 Rd8 25. Kc2 Kf5 26.
Rf1 h5 27. h3 Bc4 28. g4+ hxg4 29. hxg4+ Ke6 30. Nxc4 Rxc4 31. b3 Kd5 32. Rd1+ Rd4 33. cxd4 cxd4 34. Rh3 Rc8+ 35. Kd2 e3+ 36. Ke2 Ke4 37. Rxd4+ Kxd4 38. Rxe3 Rc2+ 39. Kf3 Ra2 40. f5 Rxa3 41. f6 Ra6 42. g5 Ra5 43. Re4+ Kd3 44. f7 Rf5+ 45. Rf4 1-0

[Event "*** Titled Tuesday Blitz"]
[Site "Chess.com"]
[Date "2020.03.03"]
[Round "8"]
[White "Entilza"]
[Black "2165149677570"]
[Result "1-0"]
[WhiteElo "2469"]
[BlackElo "2234"]
[TimeControl "180+1"]
[EndTime "14:33:19 PST"]
[Termination "Entilza won by resignation"]

1. d4 Nf6 2. c4 e6 3. Nc3 Bb4 4.
e3 b6 5. Bd3 Bb7 6. Ne2 Bxg2 7.
Rg1 Bf3 8. Rxg7 Ne4 9. Bxe4 Bxe4 10. Rg4 Bf5 11. Rg1 Nc6 12. Ng3 Bg6 13. Bd2 Qh4 14. Qf3 O-O-O 15. a3 Bxc3 16. Bxc3 d5 17. cxd5 Rxd5 18.
Rc1 Rhd8 19. b4 Ne7 20. Ne2 Be4 21. Qf4 Qxf4 22. Nxf4 Rf5 23. Rg7 Nd5 24. Nxd5 Rfxd5 25. Ke2 Rh5 26. Rxf7 Rxh2 27. Rg1 Bg6 28. Rf6 e5 29. dxe5 Bh5+ 30. Rf3 Rd1 1-0

[Event "*** Titled Tuesday Blitz"]
[Site "Chess.com"]
[Date "2020.03.03"]
[Round "8"]
[White "MiroMiljkovic"]
[Black "EugeneRougon"]
[Result "0-1"]
[WhiteElo "2571"]
[BlackElo "2696"]
[TimeControl "180+1"]
[EndTime "14:33:30 PST"]
[Termination "EugeneRougon won by checkmate"]

1. d4 d6 2. c4 g6 3. Nf3 Bg7 4. Nc3 Bg4 5. Bf4 Nd7 6. e3 e5 7. Bg3 exd4 8. exd4 Qe7+ 9. Be2 Bxf3 10. gxf3 Ngf6 11. Qd3 Bh6 12. Ne4 Nh5 13. c5 d5 14.
Nc3 c6 15. Bd6 Qh4 16. b4 Nf4 17. Qc2 Ng2+ 18. Kf1 Qh3 19. Qb3 Bd2 20. Ba6 Nf4+ 21. Kg1 Qg2# 0-1

[Event "*** Titled Tuesday Blitz"]
[Site "Chess.com"]
[Date "2020.03.03"]
[Round "8"]
[White "FearNoEvil12"]
[Black "djano"]
[Result "0-1"]
[WhiteElo "2025"]
[BlackElo "2385"]
[TimeControl "180+1"]
[EndTime "14:33:32 PST"]
[Termination "djano won by resignation"]

1. e4 e5 2. d4 exd4 3. Bc4 Nf6 4. Nf3 Nc6 5. e5 d5 6. Bb5 Ne4 7. Nxd4 Bd7 8. Bxc6 bxc6 9. O-O Bc5 10. f3 Ng5 11. f4 Ne6 12. Be3 Bb6 13. f5 Nxd4 14. Bxd4 Qh4 15. Bxb6 axb6 16. Nc3 Qb4 17. Qf3 O-O-O 18.
Qd3 Rhe8 19. Rae1 b5 20. a4 d4 21. Ne4 Rxe5 22. axb5 cxb5 23. c3 dxc3 24. bxc3 Qc4 25. Qf3 Bc6 26. f6 Bxe4 27. Qg4+ Qe6 28. Qxe6+ Rxe6 29. fxg7 f5 30. Re3 Rg6 31. Rg3 Rg8 0-1

[Event "*** Titled Tuesday Blitz"]
[Site "Chess.com"]
[Date "2020.03.03"]
[Round "8"]
[White "Konavets"]
[Black "Abdimalik_Abdisalimov"]
[Result "1-0"]
[WhiteElo "3029"]
[BlackElo "2854"]
[TimeControl "180+1"]
[EndTime "14:33:33 PST"]
[Termination "Konavets won by resignation"]

1. e4 e5 2. Nf3 Nc6 3. Bb5 Nf6 4. d3 Bc5 5. O-O Nd4 6. Nxd4 Bxd4 7. Nd2 c6 8. Ba4 d6 9. Kh1 O-O 10. c3 Bb6 11. h3 d5 12. Qe2 Re8 13. Nf3 dxe4 14. dxe4 Nh5 15. Bg5 Qd6 16. Nh4 Nf4 17. Qf3 Qd3 18.
Rad1 Qxf3 19. Nxf3 f6 20. Bxf4 exf4 21. e5 fxe5 22. Ng5 h6 23. Bb3+ Kf8 24. Ne4 Bc7 25.
g4 a5 26. a4 Ra6 27. Nc5 Rb6 28. Rd2 Rd8 29. Rfd1 Rxd2 30. Rxd2 Ke7 31. Bc4 Bd6 32. Ne4 c5 33. Bb5 Be6 34. c4 Bg8 35. b3 Bh7 36.
Nc3 Bg8 37. Kg2 Bc7 38. Rd7+ 1-0

[Event "*** Titled Tuesday Blitz"]
[Site "Chess.com"]
[Date "2020.03.03"]
[Round "8"]
[White "Indianlad"]
[Black "praveenb2002"]
[Result "1-0"]
[WhiteElo "2931"]
[BlackElo "2681"]
[TimeControl "180+1"]
[EndTime "14:33:37 PST"]
[Termination "Indianlad won by resignation"]

1. Nf3 d5 2. d4 Nf6 3. Bf4 e6 4. e3 Bd6 5. Ne5 O-O 6. Nd2 b6 7. c3 Bb7 8. Bd3 c5 9. Bg5 Be7 10. Qb1 h6 11. Bxf6 Bxf6 12. f4 Nc6 13. O-O Ne7 14.
g4 Nc8 15. Kh1 Nd6 16. Rg1 Rc8 17. Rg2 Re8 18. Ndf3 Ne4 19. g5 Bxe5 20. Nxe5 hxg5 21. Bxe4 dxe4 22. fxg5 cxd4 23. cxd4 g6 24. Qe1 Kg7 25. Qg3 Rh8 26. Rf1 Rc7 27. Rgf2 Rh5 28. Nxf7 Qe7 29. Qe5+ Kg8 30. Nh6+ Rxh6 31. gxh6 Kh7 32. Rf8 Kxh6 33.
Rh8+ Qh7 34. Rxh7+ Rxh7 35. Rf4 g5 36. h4 1-0

[Event "*** Titled Tuesday Blitz"]
[Site "Chess.com"]
[Date "2020.03.03"]
[Round "8"]
[White "dusanacns"]
[Black "AntonSmirnov"]
[Result "0-1"]
[WhiteElo "2659"]
[BlackElo "2923"]
[TimeControl "180+1"]
[EndTime "14:33:37 PST"]
[Termination "AntonSmirnov won by resignation"]

1. e4 e6 2. d4 d5 3. Nc3 dxe4 4. Nxe4 Nd7 5. Nf3 Ngf6 6. Nxf6+ Nxf6 7. c3 c5 8. Ne5 a6 9. Be3 Qc7 10. Qa4+ Nd7 11.
Bb5 cxd4 12. Bxd4 axb5 13. Qxa8 Nxe5 14. O-O-O Nd7 15. f4 f6 16. Rhe1 Kf7 17. Kb1 Bd6 18.
g3 Re8 19. h4 e5 20. Bg1 Nc5 21. Qa7 b6 22. Qa3 Bf5+ 23. Ka1 Be6 24. fxe5 Nb3+ 25. Qxb3 Bxb3 26. exd6 Qa7 0-1

[Event "*** Titled Tuesday Blitz"]
[Site "Chess.com"]
[Date "2020.03.03"]
[Round "8"]
[White "NM2019"]
[Black "norwaytoadog"]
[Result "0-1"]
[WhiteElo "2026"]
[BlackElo "2278"]
[TimeControl "180+1"]
[EndTime "14:33:39 PST"]
[Termination "norwaytoadog won by resignation"]

1. c4 e5 2. Nc3 Nf6 3. Nf3 Nc6 4. g3 Bb4 5. Nd5 O-O 6. Nxb4 Nxb4 7. Nxe5 d5 8. Bg2 Re8 9. d4 dxc4 10. O-O Bf5 11. Bg5 Nc2 12. Bxb7 Nxa1 13. Bxa8 Qxa8 14. Qxa1 Ne4 15.
Be3 Bh3 16. f3 Bxf1 17. Kxf1 Nd6 18. Kf2 Qd5 19. Qb1 f6 20. Ng4 h5 21. Nxf6+ gxf6 22. Qg6+ Kf8 23. Qxf6+ Qf7 24. Bh6+ Kg8 25. Qg5+ Kh7 26.
Qd2 Ne4+ 0-1

[Event "*** Titled Tuesday Blitz"]
[Site "Chess.com"]
[Date "2020.03.03"]
[Round "8"]
[White "Volodar_Murzin"]
[Black "SoltaniciR"]
[Result "1-0"]
[WhiteElo "2688"]
[BlackElo "2519"]
[TimeControl "180+1"]
[EndTime "14:33:44 PST"]
[Termination "Volodar_Murzin won by resignation"]

1. Nf3 c5 2. g3 Nc6 3. Bg2 g6 4. O-O Bg7 5. d3 d6 6. Nbd2 Nf6 7. e4 O-O 8. c3 e5 9. a4 h6 10. Nc4 Re8 11. h3 d5 12. exd5 Nxd5 13. Nfd2 f5 14. Nb3 b6 15. a5 Rb8 16. axb6 axb6 17. h4 Be6 18. Re1 Bf7 19. Ne3 Qd7 20. Qf3 Rbd8 21. Nxd5 Bxd5 22. Qxd5+ Qxd5 23. Bxd5+ Rxd5 24. Ra6 Rb8 25. Be3 Kh7 26. Nxc5 bxc5 27. Rxc6 Rxb2 28. Rc7 Kg8 29.
Bxc5 Rxd3 30. Ra1 Rb8 31. Raa7 Bf6 32. Ra6 1-0

[Event "*** Titled Tuesday Blitz"]
[Site "Chess.com"]
[Date "2020.03.03"]
[Round "8"]
[White "Saitama_Hero"]
[Black "Karacsonyi_Gellert"]
[Result "0-1"]
[WhiteElo "2319"]
[BlackElo "2593"]
[TimeControl "180+1"]
[EndTime "14:33:47 PST"]
[Termination "Karacsonyi_Gellert won by resignation"]

1. Nf3 Nf6 2. c4 e6 3. g3 d5 4. Bg2 dxc4 5. Qa4+ Bd7 6. Qxc4 c5 7. O-O Bc6 8. d3 Nbd7 9. Be3 Be7 10. Nbd2 O-O 11. a3 Rc8 12. h3 b6 13. Rfc1 h6 14. Ne4 Bd5 15. Nxf6+ Bxf6 16. Qa6 Bxb2 17. Rab1 Bxc1 18. Rxc1 Qc7 19. Qa4 Ne5 20. Nd2 Bxg2 21. Kxg2 Qc6+ 22. Qxc6 Nxc6 23. Nc4 Nd4 24. Kf1 Rfd8 25. a4 b5 26. axb5 Nxb5 27. Na5 Nd4 28. Ra1 Nc2 29. Rc1 Nxe3+ 30.
fxe3 Rc7 31. Kf2 Rb8 32. Nc4 Rb5 33. e4 a5 34. Ra1 Ra7 35. Ra4 Kf8 36. Kf3 Ke7 37. e5 h5 38. Nd6 Rb8 39. Rh4 f6 40. Rxh5 fxe5 41. Nc4 Rf8+ 42. Ke3 a4 43. Na3 Rf5 44. Rh7 Kf6 45. g4 Rf1 46. Nb5 a3 47. Nxa7 a2 48. Nb5 a1=Q 0-1

[Event "*** Titled Tuesday Blitz"]
[Site "Chess.com"]
[Date "2020.03.03"]
[Round "8"]
[White "Incognito_Knight"]
[Black "atbenina64"]
[Result "1-0"]
[WhiteElo "2680"]
[BlackElo "2523"]
[TimeControl "180+1"]
[EndTime "14:33:49 PST"]
[Termination "Incognito_Knight won by resignation"]

1. e4 c6 2. d4 d5 3. e5 Bf5 4. Nd2 e6 5. Nb3 Ne7 6. Nf3 h6 7. Be2 Nd7 8. O-O Qc7 9. Be3 g5 10. Ne1 b6 11. Rc1 Bg7 12. c4 dxc4 13. Bxc4 Qb7 14. Bd3 Bxd3 15. Nxd3 Nd5 16. Nd2 b5 17. Ne4 Bf8 18. Qh5 Rg8 19. Bd2 Rg6 20. f4 gxf4 21. Nxf4 Nxf4 22. Rxf4 Nb6 23. Rcf1 Nd5 24. Qxg6 Nxf4 25.
Nf6+ Ke7 26. Bb4+ c5 27. Bxc5+ Kd8 28. Qg8 Kc7 29. Qxf7+ 1-0

[Event "*** Titled Tuesday Blitz"]
[Site "Chess.com"]
[Date "2020.03.03"]
[Round "8"]
[White "francyIM"]
[Black "M1711"]
[Result "1-0"]
[WhiteElo "2716"]
[BlackElo "2552"]
[TimeControl "180+1"]
[EndTime "14:33:56 PST"]
[Termination "francyIM won by resignation"]

1. d4 e6 2. c4 f5 3. Nf3 Nf6 4. g3 d5 5. Bg2 c6 6. O-O Bd6 7. Bf4 Bxf4 8. gxf4 O-O 9. Nbd2 Ne4 10. e3 Nd7 11. Ne1 Rf6 12. Ndf3 Rh6 13. Nd3 g5 14. fxg5 Nxg5 15. cxd5 exd5 16. Nxg5 Qxg5 17. Qf3 Nf6 18. Qg3 Rg6 19. Qxg5 Rxg5 20. Kh1 Be6 21. Rg1 Bf7 22.
Ne5 Kf8 23. Nxf7 Kxf7 24. Bxd5+ cxd5 25. Rxg5 Rc8 26. Rxf5 Rc2 27. b3 Ke6 28. Rf4 Ne4 29. Kg2 a5 30. h4 h5 31. Kf1 b6 32. Kg2 Nc3 33. Rf8 Ne4 34. Kg1 Ke7 35. Rb8 Nxf2 36. Rb7+ Kd8 37. Rf1 Nh3+ 38. Kh1 Nf2+ 39. Kg2 Ng4+ 40. Kg3 Kc8 41. Rh7 Kb8 42. Rf8+ Rc8 43.
Rxc8+ Kxc8 44. Rxh5 Nxe3 45. Re5 Nf1+ 46. Kg2 Nd2 47. h5 1-0

[Event "*** Titled Tuesday Blitz"]
[Site "Chess.com"]
[Date "2020.03.03"]
[Round "8"]
[White "jefferyx"]
[Black "Art_Vandelay1980"]
[Result "0-1"]
[WhiteElo "2933"]
[BlackElo "2791"]
[TimeControl "180+1"]
[EndTime "14:33:58 PST"]
[Termination "Art_Vandelay1980 won by resignation"]

1. e4 e5 2. Nf3 Nc6 3. Bc4 Bc5 4. c3 Nf6 5. d3 d6 6. O-O O-O 7.
Nbd2 a5 8. Re1 Be6 9. Bxe6 fxe6 10. Nf1 Bb6 11. Ng3 a4 12. h3 h5 13. Be3 Bxe3 14.
Rxe3 Qe8 15. d4 Qg6 16. Rc1 Qh6 17. Qe2 h4 18. Nf1 Nh5 19. Qb5 Nf4 20. Qxb7 exd4 21. cxd4 Nxd4 22. Nxd4 Qg5 23. e5 d5 24. Ng3 hxg3 25.
Rxg3 Nxh3+ 26. Kh2 Qxc1 27. Nxe6 Qg1+ 28. Kxh3 Qh1+ 29. Kg4 g6 30. Nf4 Rxf4+ 31. Kxf4 Rf8+ 32. Ke3 Qe1+ 33. Kd3 Qe4+ 0-1

[Event "*** Titled Tuesday Blitz"]
[Site "Chess.com"]
[Date "2020.03.03"]
[Round "8"]
[White "kayrakamer"]
[Black "karwowskikacper"]
[Result "0-1"]
[WhiteElo "2592"]
[BlackElo "2419"]
[TimeControl "180+1"]
[EndTime "14:33:58 PST"]
[Termination "karwowskikacper won by resignation"]

1. Nf3 Nf6 2. d4 e6 3. c4 b6 4. g3 Bb7 5. Bg2 Be7 6. O-O O-O 7. Re1 Ne4 8. Nfd2 d5 9. Nc3 Nxc3 10. bxc3 Nd7 11.
e4 dxc4 12. Nxc4 Nf6 13. Ne5 c5 14. a4 cxd4 15. cxd4 Rc8 16. Ba3 Bxa3 17. Rxa3 Qc7 18. a5 bxa5 19. Qa1 Rfd8 20. Rxa5 Rxd4 21. Rb1 Bxe4 22.
Qxd4 Bxb1 23. Rxa7 Qc1+ 24. Bf1 Bf5 25. Nxf7 Bh3 26. Ra1 Bxf1 27. Rxc1 Rxc1 28. Qd2 Rb1 29. f4 Bh3+ 30. Kf2 Ne4+ 31. Ke3 Nxd2 32. Ng5 0-1

[Event "*** Titled Tuesday Blitz"]
[Site "Chess.com"]
[Date "2020.03.03"]
[Round "8"]
[White "Keaton87"]
[Black "Bongcloudtransvestit"]
[Result "0-1"]
[WhiteElo "2605"]
[BlackElo "2359"]
[TimeControl "180+1"]
[EndTime "14:33:58 PST"]
[Termination "Bongcloudtransvestit won by checkmate"]

1. d4 Nf6 2. Bg5 Ne4 3. Bf4 d6 4. f3 Nf6 5. e4 Nbd7 6. Nc3 e5 7. Be3 c6 8. Nge2 Be7 9. Qd2 b5 10. g4 O-O 11. h4 b4 12. Nd1 d5 13. g5 Nh5 14. Nf2 dxe4 15. Nxe4 exd4 16. Nxd4 Bb7 17.
O-O-O Ne5 18. Be2 Qc8 19. f4 c5 20. Nf6+ gxf6 21. Bxh5 Nc4 22. Qd3 Nxe3 23. Qxe3 cxd4 24. Qxe7 Bxh1 25. Rxh1 Qe6 26. Qxb4 Qxa2 27. Rd1 Rab8 28. Qxd4 Rbd8 29. Qxf6 Qa1# 0-1

[Event "*** Titled Tuesday Blitz"]
[Site "Chess.com"]
[Date "2020.03.03"]
[Round "8"]
[White "NTBT_DHS"]
[Black "CrushingKings"]
[Result "1-0"]
[WhiteElo "2677"]
[BlackElo "2250"]
[TimeControl "180+1"]
[EndTime "14:34:00 PST"]
[Termination "NTBT_DHS won on time"]

1. e4 c5 2. Nf3 e6 3. d4 cxd4 4. Nxd4 Nc6 5. Nc3 Qc7 6. Be3 a6 7. Qd2 Nf6 8. f3 Be7 9. a3 b5 10. g4 Bb7 11. h4 b4 12. Na4 bxa3 13. b3 d5 14. g5 Nh5 15. exd5 Nxd4 16. Bxd4 Qg3+ 17.
Qf2 Bxd5 18. Be2 Bb4+ 19. c3 Bxb3 20. Nb6 Rd8 21. Rg1 Qd6 22. Kf1 a2 23. Rg4 Ba3 24. Bxa6 O-O 25. Bc4 Bxc4+ 26. Nxc4 Qa6 27. Qe2 Be7 28.
Rxa2 Qb7 29. Rb2 Qc7 30. Ne5 Rd5 31. g6 1-0

[Event "*** Titled Tuesday Blitz"]
[Site "Chess.com"]
[Date "2020.03.03"]
[Round "8"]
[White "Region_07"]
[Black "DinaBelenkaya"]
[Result "1-0"]
[WhiteElo "2404"]
[BlackElo "2278"]
[TimeControl "180+1"]
[EndTime "14:34:04 PST"]
[Termination "Region_07 won on time"]

1. d4 d5 2. Bg5 Nf6 3. Bxf6 exf6 4. e3 c6 5. c4 dxc4 6. Bxc4 Bd6 7. Nc3 O-O 8. Nf3 f5 9. O-O Nd7 10. Qc2 Nf6 11.
Bd3 g6 12. Ne5 Re8 13. f4 Be6 14. Rae1 Qa5 15. a3 Rad8 16. Nc4 Qc7 17. Ne5 Nd5 18. e4 fxe4 19. Nxe4 Qb6 20. Nc5 Bc8 21. b4 a5 22. f5 axb4 23. fxg6 fxg6 24. Bxg6 Bxe5 25.
dxe5 Re7 26. Kh1 b3 27. Qc4 hxg6 28. e6 b2 29. Na4 Qb5 30. Qc2 Rg7 31. Nxb2 1-0

[Event "*** Titled Tuesday Blitz"]
[Site "Chess.com"]
[Date "2020.03.03"]
[Round "8"]
[White "Witik"]
[Black "LogoCzar"]
[Result "0-1"]
[WhiteElo "2624"]
[BlackElo "2513"]
[TimeControl "180+1"]
[EndTime "14:34:10 PST"]
[Termination "LogoCzar won by resignation"]

1. c3 d5 2. d3 e5 3. Nd2 Nc6 4. h3 f5 5. Qa4 Nf6 6. g4 fxg4 7. hxg4 Bxg4 8. Ngf3 Bd6 9. b4 a6 10. Bb2 Bd7 11. Qb3 e4 12. dxe4 dxe4 13. Ng5 Qe7 14.
O-O-O h6 15. Bg2 Bf5 16. e3 O-O-O 17. Nf7 Be6 18. Nxd6+ Rxd6 19. Qc2 Bf5 20. f3 Rhd8 21. Nxe4 Nxe4 22. fxe4 Rxd1+ 23. Rxd1 Rxd1+ 24. Kxd1 Bg4+ 25. Kc1 Qg5 26. Qf2 Kb8 27. a3 Ka7 28. c4 Ne5 29. Qf4 Nd3+ 30. Kd2 Nxf4 31. Bd4+ b6 0-1